 Dungeon Crawl Stone Soup version 0.27-a0-1456-gf5a116941d (webtiles) character file.

Game seed: 17035171232670936434

93 Tocho the Bolt Thrower (level 4, -4/27 HPs)
             Began as a Kobold Hunter on July 5, 2021.
             Killed from afar by an orc wizard (8 damage)
             ... with a magic dart
             ... on level 3 of the Dungeon.
             The game lasted 00:03:19 (2427 turns).

Tocho the Bolt Thrower (Kobold Hunter)              Turns: 2427, Time: 00:03:20

Health: -4/27      AC:  3    Str:  9    XL:     4   Next: 91%
Magic:  4/4        EV: 14    Int: 12    God:
Gold:   131        SH:  0    Dex: 16    Spells: 3/3 levels left

rFire    . . .     SeeInvis .   a - +1 hand crossbow
rCold    . . .     Faith    .   (shield restricted)
rNeg     . . .     Spirit   .   c - +0 leather armour
rPois    .         Reflect  .   (no helmet)
rElec    .         Harm     .   (no cloak)
rCorr    .         Rampage  .   (no gloves)
Will     .....                  (no boots)
Stlth    ++........             (no amulet)
HPRegen  0.09/turn              (no ring)
MPRegen  0.09/turn              (no ring)

@: confused
A: small, no large weapons, nightstalker 3
a: no special abilities


You were on level 3 of the Dungeon.
You visited 1 branch of the dungeon, and saw 3 of its levels.

You collected 131 gold pieces.

Inventory:

Hand Weapons
 a - a +1 hand crossbow (weapon)
 b - a +0 short sword
Missiles
 d - 53 bolts (quivered ammo)
Armour
 c - a +0 leather armour (worn)
Jewellery
 h - a ring of ice
 q - a ring of resist corrosion
Scrolls
 g - a scroll of enchant armour {unknown}
 j - 3 scrolls of silence {unknown}
 k - a scroll of fear {unknown}
 l - a scroll of teleportation {unknown}
 o - a scroll of brand weapon {unknown}
 p - a scroll of blinking {unknown}
Potions
 e - 7 potions of curing
 f - a potion of mutation {unknown}
 i - 3 potions of heal wounds {unknown}
 m - a potion of magic
 n - a potion of might


   Skills:
 + Level 2.6 Fighting
 * Level 6.6 Crossbows
 + Level 0.1 Armour
 * Level 2.7 Dodging
 * Level 2.1 Stealth


You had 3 spell levels left.
You didn't know any spells.
Your spell library contained the following spells:

 Spells                   Type           Power      Damage    Failure   Level
 Corona                   Hex            0%         N/A       43%         1
 Ensorcelled Hibernation  Hex/Ice        0%         N/A       56%         2
 Tukima's Dance           Hex            0%         N/A       80%         3


Dungeon Overview and Level Annotations

Branches:
Dungeon (3/15)

Altars:


Innate Abilities, Weirdness & Mutations

You are small and have problems with some larger weapons.
You are completely attuned to the shadows.


Message History

You shoot a bolt. The orc wizard shouts!
The bolt hits the orc.
You kill the orc!
Something hits you but does no damage.
Fire: 58 bolts
Press: ? - help, Q - select action Shift-Dir - straight line, f - orc wizard
Aim: an orc wizard, wielding a +0 dagger and wearing a +0 robe (62% to hit)
You shoot a bolt. The bolt hits the orc wizard!
The orc wizard is heavily wounded.
The orc wizard casts a spell at you.
You are confused.
You hear some strange, mumbled words.
A magic dart appears from out of thin air!
The magic dart hits you.
Non-targeted confused fire: 57 bolts
Press: ? - help, Q - select action Dir - look around, f - activate You shoot a bolt.
Something hits you.
Non-targeted confused fire: 56 bolts
Press: ? - help, Q - select action Dir - look around, f - activate You shoot a bolt.
You hear some strange, mumbled words.
A puff of flame appears from out of thin air!
The puff of flame hits you!
Non-targeted confused fire: 55 bolts
Press: ? - help, Q - select action Dir - look around, f - activate You shoot a bolt.
The orc wizard misses you. Something hits you.
* * * LOW HITPOINT WARNING * * *
Non-targeted confused fire: 54 bolts
Press: ? - help, Q - select action Dir - look around, f - activate You shoot a bolt.
The orc wizard hits you with a +0 dagger.
* * * LOW HITPOINT WARNING * * *
Something hits you.
* * * LOW HITPOINT WARNING * * *
The orc wizard points at you and mumbles some strange words.
The magic dart hits you!
You die...

...# ...# ######
.....# ### ....##
###.# ..(. ..###
#...# ####.... ..#
####.#.###..(..((
.####.......(..#.{.(.
#.....##........@o(.(
..#####...###..##....
.####....## ##.# ....
........## #.# ....
#.......# #.# ####
##......# #.#
##......# #..
#.......# ..######


You could see an orc wizard.

Vanquished Creatures
  2 adders (D:2)
  A worm (D:3)
  A dart slug (D:2)
  2 orcs (D:3)
  4 endoplasms
  4 giant cockroaches
  5 goblins
  5 hobgoblins
  8 jackals
  5 quokkas
  8 ball pythons
  6 bats
  A frilled lizard (D:2)
  4 kobolds
  6 rats
62 creatures vanquished.

Notes
Turn   | Place    | Note
-------+----------+-------------------------------------------
     0 | D:1      | Tocho the Kobold Hunter began the quest for the Orb.
     0 | D:1      | Reached XP level 1. HP: 12/12 MP: 1/1
    17 | D:1      | Reached skill level 5 in Crossbows
    37 | D:1      | Reached XP level 2. HP: 18/18 MP: 2/2
   303 | D:1      | Reached XP level 3. HP: 19/22 MP: 3/3
   724 | D:1      | Found a faded altar of an unknown god.
  1093 | D:2      | Reached skill level 6 in Crossbows
  1159 | D:2      | Reached XP level 4. HP: 27/27 MP: 4/4
  2427 | D:3      | Killed from afar by an orc wizard

Illustrated notes

Levels and vault maps discovered:
D:1:      minmay_arrival_nine_rooms, layout_rooms,
          shapermc_ecumenical_altar_hornbeckon, fountainhead
D:2:      kennysheep_six_static_rooms, layout_basic, minmay_pentomino_v4
D:3:      layout_rooms, kennysheep_generic_room_5

Skill      XL: |  1  2  3  4 |
---------------+-------------+-----
Crossbows      | 5 6 |  6.6
Stealth        | 2 |  2.1
Fighting       | |  2.6
Armour         | |  0.1
Dodging        | |  2.7

Action                   |  1- 3 |  4- 6 || total
-------------------------+-------+-------++-------
 Fire: Hand crossbow     |    55 |    72 ||   127
  Use: Scroll            |       |     3 ||     3
Armor: Leather armour    |     4 |     2 ||     6
Dodge: Dodged            |    12 |    14 ||    26

Table legend: (Time is in decaauts)
 A = Elapsed time spent in this place.
 B = Non-inter-level travel time spent in this place.
 C = Inter-level travel time spent in this place.
 D = Time resting spent in this place.
 E = Time spent auto-exploring this place.
 F = Levels seen in this place.
 G = Mean time per level.
                   A        B        C        D        E       F      G
               +--------+--------+--------+--------+--------+-----+--------+
         Total |   2461 |   2297 |    164 |      0 |   2011 |   3 |  820.3 |
       Dungeon |   2461 |   2297 |    164 |      0 |   2011 |   3 |  820.3 |
               +--------+--------+--------+--------+--------+-----+--------+

Top non-repeatable levels by time:
     D:2: 1304 daAuts
     D:1: 850 daAuts
     D:3: 306 daAuts
